 Dungeon Crawl Stone Soup version 0.28.0-53-g5a82cb258f (webtiles) character file.

Game seed: 17097380223975616872

214 bnorton916 the Magician (level 5, 0/28 HPs)
             Began as a Deep Elf Fire Elementalist on July 5, 2022.
             Succumbed to an adder's poison
             ... on level 4 of the Dungeon.
             The game lasted 00:02:45 (3808 turns).

bnorton916 the Magician (DEFE)                      Turns: 3808, Time: 00:02:45

Health: 0/28       AC:  2    Str:  5    XL:     5   Next: 59%
Magic:  4/13       EV: 13    Int: 22    God:
Gold:   180        SH:  0    Dex: 15    Spells: 2/12 levels left

rFire   . . .      SeeInvis .   (no weapon)
rCold   + . .      Faith    .   (no shield)
rNeg    . . .      Spirit   .   a - +0 robe
rPois   .          Reflect  .   (no helmet)
rElec   .          Harm     .   (no cloak)
rCorr   .          Rampage  .   (no gloves)
Will    .....                   (no boots)
Stlth   +++.......              (no amulet)
HPRegen 0.09/turn               f - ring of protection from cold
MPRegen 0.13/turn               (no ring)

@: lethally poisoned (0 -> -12)
A: no striking features
a: no special abilities


You were on level 4 of the Dungeon.
You visited 1 branch of the dungeon, and saw 4 of its levels.

You collected 180 gold pieces.

Inventory:

Missiles
 c - 2 throwing nets
Armour
 a - a +0 robe (worn)
Jewellery
 f - a ring of protection from cold (left hand)
Wands
 n - a wand of iceblast (6)
Scrolls
 b - 4 scrolls of noise {unknown}
 e - 2 scrolls of identify {unknown}
 g - a scroll of teleportation {unknown}
 l - a scroll of immolation {unknown}
 m - 3 scrolls of brand weapon {unknown}
Potions
 d - a potion of curing {unknown}
 h - 2 potions of heal wounds {unknown}
 i - 4 potions of might {unknown}
 j - a potion of brilliance {unknown}
 k - a potion of flight {unknown}


   Skills:
 - Level 3.7 Dodging
 - Level 3.9 Stealth
 + Level 4.4 Spellcasting
 + Level 2.8 Conjurations
 + Level 4.3 Fire Magic


You had 2 spell levels left.
You knew the following spells:

 Your Spells              Type           Power      Damage    Failure   Level
a - Foxfire               Conj/Fire      80%        2x1d8     2%          1
b - Scorch                Fire           46%        2d7       2%          2
c - Conjure Flame         Conj/Fire      20%        6-21      8%          3
d - Flame Wave            Conj/Fire      20%        2d7       24%         4

Your spell library contained the following spells:

 Spells                   Type           Power      Damage    Failure   Level
 Inner Flame              Hex/Fire       14%        N/A       13%         3


Dungeon Overview and Level Annotations

Branches:
Dungeon (4/15)
 Temple: D:4-7

Altars:
Yredelemnul

Shops:
D:2 [

Annotations:
D:3 1 runed translucent door, Stomo's ghost, amateur DsGl


Message History

The adder's fire resistance burns away.
The adder hisses angrily.
The adder bites you.
You are poisoned.
The adder poisons you! The adder bites you.
Casting: Scorch (safe; 2% risk of failure)
Confirm with . or Enter, or press ? or * to list all spells.
Flames lash the adder.
The adder is burned terribly!
The adder is almost dead.
You feel sick. The adder barely misses you.
You feel sick.
Unknown command.
Casting: Scorch (safe; 2% risk of failure)
Confirm with . or Enter, or press ? or * to list all spells.
Flames lash the adder.
The adder is moderately wounded.
The adder's fire resistance burns away.
You feel sick. The adder barely misses you.
The adder bites you but does no damage.
You feel sick. The adder bites you. x2
You are more poisoned.
The adder poisons you! The adder closely misses you.
Unknown command.
Casting: Scorch (safe; 2% risk of failure)
Confirm with . or Enter, or press ? or * to list all spells.
Flames lash the adder.
The adder is burned terribly!
You kill the adder!
You feel sick. The adder barely misses you.
You feel sick.
The adder is no longer more vulnerable to fire.
The adder bites you.
* * * LOW HITPOINT WARNING * * *
The adder bites you.
* * * LOW HITPOINT WARNING * * *
You are more poisoned.
The adder poisons you!
Casting: Scorch (safe; 2% risk of failure)
Confirm with . or Enter, or press ? or * to list all spells.
Flames lash the adder.
You kill the adder!
You die...

# #.###.........# #.
#.#.....#.#.#.# #..
#.#.....#....[####
#.##.#..............#
####............[..รท...#
..?..)..#..............#
...#..#.#...........<..#
.......................#
...###.@######.........#
#.....# ###########
#.##...... .. .....< ##.
..... .. ..... .. ....
... ....


There were no monsters in sight!

Vanquished Creatures
  A black bear (D:3)
  A hound (D:3)
  An iguana (D:4)
  A gnoll (D:1)
  3 adders
  An orc (D:4)
  7 bats
  An endoplasm (D:3)
  5 goblins
  4 hobgoblins
  2 jackals (D:2)
  3 quokkas
  5 ball pythons
  4 frilled lizards
  4 kobolds
  A rat (D:3)
44 creatures vanquished.

Vanquished Creatures (others)
  214 foxfires
214 creatures vanquished.

Grand Total: 258 creatures vanquished

Notes
Turn   | Place    | Note
-------+----------+-------------------------------------------
     0 | D:1      | bnorton916 the Deep Elf Fire Elementalist began the quest
                  | for the Orb.
     0 | D:1      | Reached XP level 1. HP: 10/10 MP: 6/6
   504 | D:1      | Reached XP level 2. HP: 15/15 MP: 5/8
   921 | D:2      | Found a faded altar of an unknown god.
  1008 | D:2      | Reached XP level 3. HP: 18/19 MP: 4/9
  1139 | D:2      | Found Seogg's Antique Armour Shop.
  2020 | D:3      | Noticed a black bear
  2024 | D:3      | Learned a level 2 spell: Scorch
  2031 | D:3      | Learned a level 3 spell: Conjure Flame
  2042 | D:3      | Killed a black bear
  2043 | D:3      | Reached XP level 4. HP: 24/24 MP: 1/12
  2072 | D:3      | Reached XP level 5. HP: 28/28 MP: 4/13
  2318 | D:3      | Found a basalt altar of Yredelemnul.
  2436 | D:3      | Found a runed translucent door.
  2440 | D:3      | Noticed Stomo's ghost (amateur DsGl)
  3371 | D:4      | Noticed an ogre
  3373 | D:4      | Noticed a phantom
  3786 | D:4      | Learned a level 4 spell: Flame Wave
  3808 | D:4      | Succumbed to an adder's poison

Illustrated notes

Levels and vault maps discovered:
D:1:      dpeg_arrival_rooms_a, layout_rooms, dk_noncrumbling_2,
          wander_ebering_terrifying_dragon_lair
D:2:      layout_loops_ring, basic_ecumenical_altar, serial_shops, shop
D:3:      layout_loops_ring, mainiacjoe_overflow_concentric_impassable,
          ebering_ghost_sewer_d
D:4:      minmay_bubble_buster, layout_rooms, serial_glass, glass_columns_a,
          glass_columns_a, glass_columns_a, glass_columns_a, glass_columns_b,
          glass_columns_a, glass_columns_a, glass_columns_a, nrook_uturn

Skill      XL: |  1  2  3 |
---------------+----------+-----
Stealth        | 3 |  3.9
Dodging        | 3 |  3.7
Spellcasting   | 4 |  4.4
Conjurations   | 2 |  2.8
Fire Magic     | 4 |  4.3

Action                   |  1- 3 |  4- 6 || total
-------------------------+-------+-------++-------
 Cast: Foxfire           |    88 |    47 ||   135
       Scorch            |     3 |     9 ||    12
       Conjure Flame     |     1 |       ||     1
Armor: Robe              |     2 |     2 ||     4
Dodge: Dodged            |    11 |    17 ||    28
